 Seeded DCSS version 0.31-a0-1278-g11c5b68f87 (webtiles) character file.

Game seed: 3878631621999772145 (custom seed)

125 timneilson the Shield-Bearer (level 5, -3/33 HPs)
             Began as a Gargoyle Fighter on Dec 17, 2023.
             Killed by divine providence
             ... invoked by an orc priest
              (12 damage)
             ... on level 4 of the Dungeon.
             The game lasted 00:04:11 (2366 turns).

timneilson the Shield-Bearer (Gargoyle Fighter)     Turns: 2366, Time: 00:04:11

Health: -3/33      AC: 13    Str: 28    XL:     5   Next: 9%
Magic:  5/5        EV: 10    Int: 11    God:
Gold:   154        SH:  5    Dex: 17    Spells: 4/4 levels left

rFire   . . .        a - +0 long sword
rCold   . . .        c - +0 buckler
rNeg    + . .        b - +0 scale mail
rPois   ∞            (no helmet)
rElec   +            g - +0 cloak
rCorr   .            (no gloves)
SInv    .            o - +0 pair of boots
Will    .....        (no amulet) Stlth
                     e - +6 ring of dexterity
HPRegen 0.25/turn    u - ring "Rioto" {Str+6 Int+3 Dex+2}
MPRegen 0.09/turn

%: no passive effects
@: studying Dodging
A: sickness immunity, AC +4, negative energy resistance 1, electricity
resistance, torment resistance 1, petrification resistance
a: no special abilities


You were on level 4 of the Dungeon.
You visited 2 branches of the dungeon, and saw 5 of its levels.

You collected 154 gold pieces.

Inventory:

Hand Weapons
 a - a +0 long sword (weapon)
Armour
 b - a +0 scale mail (worn)
 c - a +0 buckler (worn)
 g - a +0 cloak (worn)
 n - a +0 plate armour
 o - a +0 pair of boots (worn)
Jewellery
 e - a +6 ring of dexterity (left hand)
 u - the ring "Rioto" (right hand) {Str+6 Int+3 Dex+2}
   (You acquired it on level 3 of the Dungeon)

   [ring of strength]

   Str+6:     It affects your strength (+6).
   Int+3:     It affects your intelligence (+3).
   Dex+2:     It affects your dexterity (+2).
Scrolls
 f - 2 scrolls of fog
 p - 2 scrolls of identify
Potions
 d - a potion of might
 h - a potion of resistance
 i - 2 potions of mutation {unknown}
 j - a potion of haste
 k - a potion of brilliance
 l - 3 potions of berserk rage {unknown}
 m - 4 potions of attraction
 q - a potion of ambrosia
 r - a potion of heal wounds


   Skills:
 + Level 3.7 Fighting
 * Level 2.6 Long Blades
 * Level 4.1 Armour
 + Level 1.1 Dodging
 * Level 4.2 Shields


You had 4 spell levels left.
You didn't know any spells.
Your spell library contained the following spells:

 Spells                   Type           Power      Damage    Failure   Level
 Foxfire                  Conj/Fire      0%         2x1d4     65%         1
 Hailstorm                Conj/Ice       0%         3d5       95%         3
 Summon Guardian Golem    Hex/Summ       0%         N/A       95%         3
 Anguish                  Hex/Necr       0%         N/A       100%        4
 Summon Ice Beast         Ice/Summ       0%         N/A       100%        4
 Plasma Beam              Fire/Air       0%         2x1d10    100%        6
 Simulacrum               Ice/Necr       0%         N/A       100%        6
 Starburst                Conj/Fire      0%         6d3       100%        6


Dungeon Overview and Level Annotations

Branches:
Dungeon (4/15)             Temple (1/1) D:4

Altars:
Ashenzari
Cheibriados
Hepliaklqana
Kikubaaqudgha
Makhleb
Sif Muna
Trog
Uskayaw
Wu Jian
The Shining One


Innate Abilities, Weirdness & Mutations

You are immune to sickness and miasma.
Your stone body is resilient. (AC +4)
You are immune to poison.
You resist negative energy. (rN+)
You are resistant to electric shocks. (rElec)
You are resistant to unholy torment.
You are immune to petrification.


Message History

Items here: ( ) ††.
Found a staircase to the Ecumenical Temple.
l - 2 sedimented cyan potions
There is a staircase to the Ecumenical Temple here.
You climb downwards.
Welcome to the Ecumenical Temple!
Found nine altars.
Found a staircase back to the Dungeon.
There is a staircase back to the Dungeon here.
You climb upwards.
Welcome back to the Dungeon!
There is a staircase to the Ecumenical Temple here.
You open the door.
There is an open door here.
You open the door.
There is an open door here.
p - a scroll of identify You open the door.
There is an open door here.
l - 3 sedimented cyan potions (gained 1)
You see here a +3 hand axe.
p - 2 scrolls of identify (gained 1)
An orc comes into view. It is wielding a +0 short sword.
Found 8 gold pieces.
The orc shouts!
An orc priest comes into view. It is wielding a +0 club.
An orc priest comes into view. It is wielding a +0 hand axe.
The orc priest shouts! x2
The orc priest mumbles some strange prayers to Beogh against you.
Beogh smites you! The orc hits you with a +0 short sword.
The orc priest invokes the aid of Beogh against you.
Pain shoots through your body!
* * * LOW HITPOINT WARNING * * *
You hit the orc priest but do no damage.
The orc hits you but does no damage. The orc priest misses you.
The orc priest hits you with a +0 hand axe.
* * * LOW HITPOINT WARNING * * *
Unknown command.
You closely miss the orc. The orc hits you but does no damage.
The orc priest calls down the wrath of Beogh upon you.
Beogh smites you!
You die...

#.....#.................
.#+####.....#.................
.......)....#................#
............##+###############
............!........
.....................
.............$.......
.............o.......
#+##########o@.......
#.o....... #.........
#....$.... #.........
#......... ##########


You could see 2 orc priests and an orc.

Vanquished Creatures
  5 adders
  2 ufetubi (D:3)
  3 worms
  An orc (D:3)
  6 ball pythons
  7 bats
  6 endoplasms
  2 giant cockroaches (D:3)
  5 goblins
  5 hobgoblins
  2 jackals (D:2)
  3 kobolds
  4 quokkas
  A frilled lizard (D:1)
  6 rats
58 creatures vanquished.

Notes
Turn   | Place    | Note
-------+----------+-------------------------------------------
     0 | D:1      | timneilson the Gargoyle Fighter began the quest for the
                  | Orb.
     0 | D:1      | Reached XP level 1. HP: 14/14 MP: 1/1
   222 | D:1      | Reached XP level 2. HP: 9/19 MP: 2/2
   274 | D:1      | Got Niegh's Catalogue of Enchantment
  1145 | D:2      | Reached XP level 3. HP: 23/23 MP: 3/3
  1342 | D:2      | Reached XP level 4. HP: 28/28 MP: 4/4
  1743 | D:3      | Reached skill level 1 in Dodging
  2136 | D:3      | Found an ornate altar of the Wu Jian Council.
  2165 | D:3      | Identified 2 scrolls of acquirement
  2165 | D:3      | Acquired the ring "Rioto" {Str+6 Int+3 Dex+2}
  2167 | D:3      | Acquired a manual of Dodging
  2268 | D:4      | Reached XP level 5. HP: 33/33 MP: 5/5
  2276 | D:4      | Found a staircase to the Ecumenical Temple.
  2287 | Temple   | Entered the Ecumenical Temple
  2366 | D:4      | Killed from afar by an orc priest

Illustrated notes

Levels and vault maps discovered:
D:1:      dpeg_arrival_boxes_within_box, layout_loops_corners, st_stairs_7
D:2:      layout_basic
D:3:      layout_rooms, nzn_wu_jian_council_hall
D:4:      layout_gridville, temple_hall
Temple:   nicolae_temple_cloud_nine

Skill      XL: |  1  2  3  4 |
---------------+-------------+-----
Long Blades    | 2 |  2.6
Shields        | 4 |  4.2
Armour         | 4 |  4.1
Dodging        | 1 |  1.1
Fighting       | |  3.7

Action                     |  1- 3 |  4- 6 || total
---------------------------+-------+-------++-------
  Melee: Long sword        |   110 |    83 ||   193
    Use: Scroll            |     2 |    11 ||    13
 Armour: Scale mail        |    73 |    75 ||   148
  Dodge: Dodged            |    63 |    55 ||   118
  Block: Buckler           |    40 |    27 ||    67

Table legend: (Time is in decaauts)
 A = Elapsed time spent in this place.
 B = Non-inter-level travel time spent in this place.
 C = Inter-level travel time spent in this place.
 D = Time resting spent in this place.
 E = Time spent auto-exploring this place.
 F = Levels seen in this place.
 G = Mean time per level.
                   A        B        C        D        E       F      G
               +--------+--------+--------+--------+--------+-----+--------+
         Total |   2426 |   2354 |     72 |      0 |   1806 |   5 |  485.2 |
       Dungeon |   2425 |   2353 |     72 |      0 |   1806 |   4 |  606.2 |
        Temple |      1 |      1 |      0 |      0 |      0 |   1 |    1.0 |
               +--------+--------+--------+--------+--------+-----+--------+

Top non-repeatable levels by time:
     D:1: 1086 daAuts
     D:2: 655 daAuts
     D:3: 510 daAuts
     D:4: 172 daAuts
  Temple: 1 daAuts
